 Dungeon Crawl Stone Soup version 0.29.1-15-g9cfb28693d (webtiles) character file.

Game seed: 14522388998204231092

65 Sanktem7 the Trooper (level 3, 0/34 HPs)
             Began as a Minotaur Fighter on Mar 4, 2023.
             Slain by Ijyb
             ... wielding a +0 dagger
              (2 damage)
             ... on level 3 of the Dungeon.
             The game lasted 00:02:21 (1044 turns).

Sanktem7 the Trooper (Minotaur Fighter)             Turns: 1044, Time: 00:02:22

Health: 0/34       AC:  9    Str: 22    XL:     3   Next: 94%
Magic:  2/2        EV:  7    Int:  5    God:
Gold:   100        SH:  4    Dex:  9    Spells: 2/2 levels left

rFire   . . .      SeeInvis .   a - +0 war axe {axe}
rCold   . . .      Faith    .   c - +0 buckler
rNeg    . . .      Spirit   .   j - +0 chain mail
rPois   .          Reflect  .   (helmet restricted)
rElec   .          Harm     .   (no cloak)
rCorr   .          Rampage  .   (no gloves)
Will    .....                   (no boots)
Stlth   ..........              (no amulet)
HPRegen 0.11/turn               (no ring)
MPRegen 0.08/turn               (no ring)

@: no status effects
A: horns 2, retaliatory headbutt
a: no special abilities


You were on level 3 of the Dungeon.
You visited 1 branch of the dungeon, and saw 3 of its levels.

You collected 100 gold pieces.


Innate Abilities, Weirdness & Mutations

You have a pair of horns on your head.
You reflexively headbutt those who attack you in melee.


   Skills:
 * Level 4.6 Fighting
 * Level 3.7 Axes
 + Level 4.2 Armour
 - Level 3.6 Shields


You had 2 spell levels left.
You didn't know any spells.
Your spell library was empty.

Inventory:

Hand Weapons
 a - a +0 war axe (weapon) {axe}
Missiles
 n - 6 stones (quivered) {throwing}
Armour
 c - a +0 buckler (worn)
 j - a +0 chain mail (worn)
   (You found it on level 1 of the Dungeon)
Scrolls
 b - 2 scrolls of teleportation {unknown}
 e - a scroll of amnesia {unknown}
 g - a scroll of blinking {unknown}
 i - a scroll of enchant weapon {unknown}
 m - a scroll of enchant armour {unknown}
 o - a scroll of noise {unknown}
Potions
 d - a potion of might
 f - a potion of ambrosia {unknown}
 h - 2 potions of curing {unknown}
 k - 3 potions of brilliance {unknown}
 l - a potion of attraction {unknown}
 p - a potion of heal wounds {unknown}

Dungeon Overview and Level Annotations

Branches:
Dungeon (3/15) Zot: 16923

Altars:
Fedhas

Annotations:
D:3 Ijyb

.# .# #+#.#
#... ###..#
#....#
##.#!##
#.g@..+
#..#..## #.
#..# .. #..#
## #†.# #..#
#######..#
.........#
######
..#####.####
#.....


You could see Ijyb.


Message History

No target in view!
h - 2 black potions (gained 1)
Found an escape hatch in the ceiling.
There is an escape hatch in the ceiling here.
There is an escape hatch in the ceiling here.
There is an escape hatch in the ceiling here.
You see here a +0 club {mace}.
A ball python comes into view.
A ball python is nearby!
You hit the ball python but do no damage.
The ball python bites you but does no damage.
You block the ball python's attack.
The ball python bites you but does no damage.
You block the ball python's attack.
You barely miss the ball python.
The ball python bites you but does no damage.
The ball python grabs you. The ball python constricts you.
You barely miss the ball python.
The ball python bites you but does no damage.
The ball python constricts you.
The ball python bites you but does no damage.
The ball python constricts you.
You hit the ball python.
You kill the ball python!
No target in view!
No target in view!
No target in view!
No target in view!
No target in view!
No target in view!
No target in view!
No target in view!
No target in view!
No target in view!
No target in view!
No target in view!
No target in view!
No target in view!
No target in view!
Ijyb the Twisted Goblin comes into view.
She is wielding a +0 dagger, wearing a +1 leather armour of fire resistance and carrying a wand of flame (18).
Ijyb shouts!
You closely miss Ijyb.
Ijyb zaps a wand.
The puff of flame hits you. 😕 HP[-1]
You take 1 damage, and now have 33/34 hp.
You hit Ijyb but do no damage. Ijyb hits you but does no damage.
Ijyb zaps a wand.
The puff of flame hits you but does no damage.
You hit Ijyb.
Ijyb hits you with a +0 dagger. 😕 HP[-1]
You take 1 damage, and now have 32/34 hp.
You slash Ijyb! You headbutt Ijyb, but do no damage.
Ijyb screams, "It's all mine!"
Ijyb zaps a wand.
The puff of flame hits you but does no damage.
You miss Ijyb.
Ijyb zaps a wand.
The puff of flame hits you! Ijyb closely misses you. 😮 HP[-7]
You take 7 damage, and now have 25/34 hp.
MASSIVE DAMAGE!! (PAUSE)
You closely miss Ijyb.
Ijyb zaps a wand.
The puff of flame hits you!
* * * LOW HITPOINT WARNING * * *
😨 HP[-12]
You take 12 damage, and now have 13/34 hp.
MASSIVE DAMAGE!! (PAUSE)
You closely miss Ijyb. You headbutt Ijyb, but do no damage.
Ijyb hits you but does no damage. x2 😨 HP[+1]
You barely miss Ijyb. You headbutt Ijyb, but do no damage.
Ijyb completely misses you.
You hit Ijyb but do no damage. Ijyb completely misses you.
You furiously retaliate!
You headbutt Ijyb. You miss Ijyb. Ijyb hits you with a +0 dagger.
* * * LOW HITPOINT WARNING * * *
Ijyb hits you but does no damage. 😨 HP[-4]
You take 4 damage, and now have 10/34 hp.
You barely miss Ijyb. Ijyb hits you with a +0 dagger.
* * * LOW HITPOINT WARNING * * *
😱 HP[-5]
You take 5 damage, and now have 5/34 hp.
You closely miss Ijyb. You headbutt Ijyb, but do no damage.
Ijyb hits you with a +0 dagger.
* * * LOW HITPOINT WARNING * * *
😱 HP[-2]
You take 2 damage, and now have 3/34 hp.
You closely miss Ijyb. Ijyb hits you with a +0 dagger.
* * * LOW HITPOINT WARNING * * *
Ijyb hits you but does no damage. 😱 HP[-2]
You take 2 damage, and now have 1/34 hp.
You closely miss Ijyb.
Ijyb screams, "Die!"
Ijyb hits you with a +0 dagger.
You die...

Skill      XL: |  1  2 |
---------------+-------+-----
Fighting       | 4 |  4.6
Axes           | 3 |  3.7
Armour         | 4 |  4.2
Shields        | |  3.6

Action                   || total
-------------------------++-------
Melee: War axe           ||    84
       Headbutt          ||    13
Armor: Scale mail        ||    12
       Chain mail        ||    46
Dodge: Dodged            ||    45
Block: Buckler           ||    18

Levels and vault maps discovered:
D:1:      shiori_shiawase, layout_rooms, minmay_misc_feat_more_columns
D:2:      layout_basic, basic_altar, ebering_ecumenical_altar_mist
D:3:      layout_basic, lemuel_blue_sif_altar, okawaru_altar_gauntlet_db,
          nzn_wu_jian_council_hall, minivault_27, uniq_terence, uniq_natasha,
          uniq_ijyb

Notes
Turn   | Place    | Note
-------+----------+-------------------------------------------
     0 | D:1      | Sanktem7 the Minotaur Fighter began the quest for the Orb.
     0 | D:1      | Reached XP level 1. HP: 19/19 MP: 0/0
     0 | D:1      | magus.rc [v1.9.6]
    75 | D:1      | Reached XP level 2. HP: 25/27 MP: 1/1
    79 | D:1      | Reached skill level 4 in Fighting
   141 | D:1      | Reached skill level 3 in Axes
   218 | D:1      | You fall into a shaft and drop 1 floor!
   349 | D:1      | Reached skill level 4 in Armour
   569 | D:2      | Reached XP level 3. HP: 33/33 MP: 2/2
   575 | D:2      | Found a faded altar of an unknown god.
   694 | D:2      | Found a blossoming altar of Fedhas.
  1029 | D:3      | Noticed Ijyb
  1041 | D:3      | HP: 5/34 [Ijyb/+0 dagger (5)]
  1043 | D:3      | HP: 1/34 [Ijyb/+0 dagger (2)]
  1044 | D:3      | Slain by Ijyb

Vanquished Creatures
  2 adders (D:2)
  An orc (D:3)
  2 endoplasms
  4 giant cockroaches
  6 goblins
  2 hobgoblins
  4 jackals (D:2)
  5 ball pythons
  7 bats
  6 frilled lizards
  2 kobolds
  4 rats
45 creatures vanquished.

Table legend:
 A = Non-vault XP
 B = Vault XP
 C = Vault XP percentage of total XP
 D = Non-vault monster count
 E = Vault monster count
 F = Vault count percentage of total count
                 A         B        C        D         E       F
            +---------+---------+-------+---------+---------+-------
      Total |      94 |       0 |   0.0 |      45 |       0 |   0.0
            +---------+---------+-------+---------+---------+-------
        D:1 |      34 |       0 |   0.0 |      23 |       0 |   0.0
        D:2 |      53 |       0 |   0.0 |      19 |       0 |   0.0
        D:3 |       7 |       0 |   0.0 |       3 |       0 |   0.0
            +---------+---------+-------+---------+---------+-------

Illustrated notes

Table legend:
 A = Kills in this place as a percentage of kills in entire the game.
 B = Kills by you in this place as a percentage of kills by you in the entire game.
 C = Kills by friends in this place as a percentage of kills by friends in the entire game.
 D = Other kills in this place as a percentage of other kills in the entire game.
 E = Experience gained in this place as a percentage of experience gained in the entire game.
 F = Experience gained in this place divided by the number of levels of this place that you have seen.
                   A       B       C       D       E      F
               +-------+-------+-------+-------+-------+----------------------
         Total | 100.0 | 100.0 |   N/A |   N/A | 100.0 |  31.3
       Dungeon | 100.0 | 100.0 |   N/A |   N/A | 100.0 |  31.3
               +-------+-------+-------+-------+-------+----------------------

Table legend: (Time is in decaauts)
 A = Elapsed time spent in this place.
 B = Non-inter-level travel time spent in this place.
 C = Inter-level travel time spent in this place.
 D = Time resting spent in this place.
 E = Time spent auto-exploring this place.
 F = Levels seen in this place.
 G = Mean time per level.
                   A        B        C        D        E       F      G
               +--------+--------+--------+--------+--------+-----+--------+
         Total |   1075 |   1075 |      0 |      0 |    814 |   3 |  358.3 |
       Dungeon |   1075 |   1075 |      0 |      0 |    814 |   3 |  358.3 |
               +--------+--------+--------+--------+--------+-----+--------+

Top non-repeatable levels by time:
     D:2: 506 daAuts
     D:1: 451 daAuts
     D:3: 116 daAuts
